 Dungeon Crawl Stone Soup version 0.20-a0-991-g93344ec (webtiles) character file.

28 M4edhros the Grave Robber (level 3, -2/21 HPs)
             Began as an Octopode Necromancer on Apr 11, 2017.
             Slain by a worm (10 damage)
             ... on level 2 of the Dungeon.
             The game lasted 00:02:22 (449 turns).

M4edhros the Grave Robber (Octopode Necromancer)     Turns: 449, Time: 00:02:22

Health: -2/21      AC:  1    Str:  7    XL:     3   Next: 12%
Magic:  3/6        EV: 13    Int: 17    God:
Gold:   16         SH:  0    Dex: 13    Spells: 1/6 levels left

rFire    . . .     SeeInvis .     - Unarmed
rCold    . . .     Gourm    .   (no shield)
rNeg     . . .     Faith    .   (helmet restricted)
rPois    .         Spirit   .   (no amulet)
rElec    .         Reflect  .   (no ring)
rCorr    .         Harm     .   (no ring)
MR       .....                  (no ring)
Stlth    +++.......             (no ring)
Regen    0.1/turn               (no ring)
MPRegen  0.1/turn               (no ring)
                                (no ring)
                                (no ring)

@: no status effects
A: almost no armour, stealthy swim, amphibious, 8 rings, constrict 8, camouflage
1, gelatinous body 1
a: no special abilities


You were on level 2 of the Dungeon.
You were not hungry.

You visited 1 branch of the dungeon, and saw 2 of its levels.

You collected 16 gold pieces.

Inventory:

Scrolls
 j - a scroll of teleportation {unknown}
 k - a scroll of fear {unknown}
Potions
 d - a potion of heal wounds
 h - 2 potions of curing {unknown}
 l - a potion of lignification {unknown}
Books
 a - a book of Necromancy

   Spells                             Type                      Level
   a - Pain                           Necromancy                   1
   b - Animate Skeleton               Necromancy                   1
   c - Vampiric Draining              Necromancy                   3
   d - Regeneration                   Charms/Necromancy            3
   e - Animate Dead                   Necromancy                   4
   f - Control Undead                 Necromancy                   4
Comestibles
 b - a bread ration
 c - 2 chunks of flesh
 g - a meat ration


   Skills:
 - Level 2.0 Dodging
 - Level 2.6 Stealth
 + Level 2.6 Unarmed Combat
 - Level 2.0 Spellcasting
 - Level 4.0 Necromancy


You had one spell level left.
You knew the following spells:

 Your Spells              Type           Power        Failure   Level  Hunger
a - Pain                  Necr           ###.         3%          1    #......
b - Animate Skeleton      Necr           N/A          3%          1    #......
c - Regeneration          Chrm/Necr      #.........   24%         3    ###....


Dungeon Overview and Level Annotations

Branches:
Dungeon (2/15)

Altars:

Annotations:
D:2 Sigmund


Innate Abilities, Weirdness & Mutations

You cannot wear most types of armour.
You are very stealthy in the water. (Stealth+)
You are amphibious.
You can wear up to eight rings at the same time.
You can use your tentacles to constrict eight enemies at once.
Your skin changes colour to match your surroundings (Stealth+).
Your rubbery body absorbs attacks. (AC +1, EV +1)


Message History

You are no longer poisoned.
A worm comes into view.
The worm moves out of view.
You tentacle-slap the worm. Your grab misses the worm.
The worm is lightly wounded.
You tentacle-slap the worm. You grab the worm. You squeeze the worm.
The worm is heavily wounded.
You constrict the worm, but do no damage.
The worm misses you.
You tentacle-slap the worm but do no damage.
The worm is heavily wounded.
You constrict the worm. The worm bites you!
Ouch! That really hurt!
You tentacle-slap the worm but do no damage.
The worm is heavily wounded.
You constrict the worm. You tentacle-slap the worm.
The worm is almost dead.
You constrict the worm. The worm bites you!
You die...

.....# #...# #.# .....#
#...# #.# .....# #...# #.#
#.#### #...# #.#### #.#
###>..### #....# #.#
#....<..# ##....#######
..###
#.##.##.######............
....# ##.##.#
.#Z........[..####.
###Z##......#
#@####.......#
###.#......## #w#
##....### #..........@
.... #....# #.#.#######K
##.##. #.#### #......#
#.##.##.# ....##.#
#.......# ######.#
##......# #Z# #.#.##.# #.#
# #.##.#


You could see a worm and a friendly rat skeleton.

Vanquished Creatures
  An adder (D:2)
  An ooze (D:2)
  2 leopard geckos
  2 bats
  2 giant cockroaches
  A hobgoblin (D:1)
  A frilled lizard (D:2)
  2 rats
12 creatures vanquished.

Vanquished Creatures (collateral kills)
  A goblin (D:1)
1 creature vanquished.

Grand Total: 13 creatures vanquished

Notes
Turn   | Place    | Note
-------+----------+-------------------------------------------
     0 | D:1      | M4edhros the Octopode Necromancer began the quest for the Orb.
     0 | D:1      | Reached XP level 1. HP: 11/11 MP: 3/3
    40 | D:1      | Reached skill level 1 in Unarmed Combat
    47 | D:1      | Learned a level 1 spell: Animate Skeleton
    95 | D:1      | Reached XP level 2. HP: 4/17 MP: 0/5
   362 | D:2      | Noticed Sigmund
   421 | D:2      | Reached XP level 3. HP: 21/21 MP: 0/6
   426 | D:2      | Learned a level 3 spell: Regeneration
   449 | D:2      | Slain by a worm

Vault maps used:
D:1:      minmay_arrival_diagonal_passages
D:2:      first_bread, tgw_kikubaaqudgha, uniq_sigmund

Skill      XL: |  1  2 |
---------------+-------+-----
Unarmed Combat | 1 2 |  2.6
Dodging        | |  2.0
Stealth        | |  2.6
Spellcasting   | |  2.0
Necromancy     | |  4.0

Action                   || total
-------------------------++-------
Melee: Unarmed           ||    30
       Constrict         ||     7
       Tentacles         ||     4
 Cast: Pain              ||    15
       Animate Skeleton  ||     4
  Use: Scroll            ||     3
       Potion            ||     1
Armor: Skin              ||     5
Dodge: Dodged            ||    15
